 Dungeon Sprint DCSS version 0.17-a0-1570-g74b7129 (webtiles) character file.

637 tt080 the Grappler (level 7, -8/118 HPs)
             Began as a Troll Berserker on July 23, 2015.
             Was a Priest of Trog.
             Mangled by a sixfirhy (10 damage)
             ... summoned by a kobold demonologist
             ... in the Dungeon (Sprint I: "Red Sonja").
             The game lasted 00:02:00 (331 turns).

tt080 the Grappler (Troll Berserker)                 Turns: 331, Time: 00:02:00

Health: -8/118     AC:  5    Str: 31    XL:     7   Next: 25%
Magic:  6/6        EV: 13    Int:  3    God:    Trog [***...]
Gold:   135        SH:  0    Dex: 11    Spells: 0 memorised, 6 levels left

rFire  . . .     SeeInvis .       - Unarmed
rCold  . . .     Clarity  .     a - +0 animal skin
rNeg   . . .     SustAt   .     (no shield)
rPois  .         Gourm    +     (helmet restricted)
rElec  .         Spirit   .     (no cloak)
rCorr  .         Warding  .     (gloves unavailable)
rMut   .         NoTele   +     (boots unavailable)
MR     .....                    (no amulet)
Stlth  ..........               (no ring)
                                (no ring)

@: berserking, very quick, not resistant to hostile enchantments, extremely
unstealthy
A: unfitting armour, claws 3, fast metabolism 3, gourmand, regeneration 2,
shaggy fur 1, tough skin 2
a: Burn Spellbooks, Berserk, Trog's Hand, Renounce Religion


You were in the Dungeon.
You worshipped Trog.
Trog was most pleased with you.
You were hungry.

You visited 1 branch You collected 351 gold pieces.
You spent 216 gold pieces at shops.

Inventory:

Armour
 a - a +0 animal skin (worn)
Jewellery
 i - an uncursed ring of wizardry {unknown}
Scrolls
 h - a scroll of blinking
Potions
 c - a potion of curing
 d - a potion of heal wounds
 e - a potion of haste
 f - 2 potions of magic
 g - a potion of berserk rage
Comestibles
 b - 3 bread rations
 j - 2 beef jerkies
 k - a slice of pizza
 l - 2 meat rations


   Skills:
 + Level 7.7 Fighting
 + Level 7.7 Dodging
 * Level 10.4 Unarmed Combat


You had 6 spell levels left.
You didn't know any spells.

Dungeon Overview and Level Annotations

Branches:
Dungeon (1/1)

Altars:
Cheibriados
Dithmenos
Elyvilon
Fedhas
Gozag
Kikubaaqudgha
Makhleb
Nemelex Xobeh
Okawaru
Qazlal
Ru
Sif Muna
Trog
Vehumet
Xom
Yredelemnul
Zin
The Shining One
Jiyva

Shops:
D %


Innate Abilities, Weirdness & Mutations

You are too large for most types of armour.
You have claws for hands.
Your metabolism is lightning-fast.
You like to eat raw meat.
You heal very quickly.
You are covered in fur (AC +1).
You have very tough skin (AC +2).


Message History

The kobold demonologist begins to bleed from its wounds!
The kobold demonologist is moderately wounded.
The kobold demonologist hits you but does no damage.
Unknown command.
You closely miss the kobold demonologist.
The kobold demonologist is moderately wounded.
You claw the kobold demonologist!
The kobold demonologist is heavily wounded.
The sixfirhy barely misses you. The sixfirhy closely misses you.
The sixfirhy barely misses you.
The kobold demonologist casts a spell.
You scratch the kobold demonologist but do no damage.
Your claw misses the kobold demonologist.
The kobold demonologist is heavily wounded.
The sixfirhy barely misses you. The sixfirhy hits you!
* * * LOW HITPOINT WARNING * * *
The sixfirhy shocks you!
* * * LOW HITPOINT WARNING * * *
The sixfirhy hits you!
You die...

######################
..)..#.)'..#__#54KG..#
).#..'..#..'..'.@#
####+#####'#__#### ##
#...#.####
__####..##.#
_..__##'#..+
_.∩...'..._#
_..._##_.#+#
_____###+# ######


You could see a kobold demonologist (bleeding), a sixfirhy, a giant eyeball and
a white imp.

Vanquished Creatures
  A slime creature (D)
  Sigmund (D)
  A yak (D)
  An ogre (D)
  Ijyb (D)
  A jelly (D)
6 creatures vanquished.

Vanquished Creatures (others)
  A gargoyle (D)
1 creature vanquished.

Grand Total: 7 creatures vanquished

Notes
Turn   | Place    | Note
--------------------------------------------------------------
     0 | D        | tt080 the Troll Berserker began the quest for the Orb.
     0 | D        | Reached XP level 1. HP: 22/22 MP: 0/0
     1 | D        | Noticed Ijyb
     6 | D        | Killed Ijyb
     6 | D        | Reached skill level 4 in Unarmed Combat
     6 | D        | Reached XP level 2. HP: 32/32 MP: 1/1
    59 | D        | Noticed an ogre
    61 | D        | Killed an ogre
    61 | D        | Acquired Trog's second power
    61 | D        | Reached skill level 5 in Fighting
    61 | D        | Reached skill level 5 in Dodging
    61 | D        | Reached skill level 6 in Unarmed Combat
    61 | D        | Reached XP level 3. HP: 42/42 MP: 2/2
    61 | D        | Reached XP level 4. HP: 50/50 MP: 3/3
    88 | D        | Noticed Sigmund
    93 | D        | Killed Sigmund
    93 | D        | Reached skill level 7 in Unarmed Combat
    93 | D        | Reached XP level 5. HP: 61/61 MP: 4/4
    93 | D        | Reached XP level 6. HP: 68/68 MP: 5/5
   161 | D        | Found a snail-covered altar of Cheibriados.
   161 | D        | Found a shadowy altar of Dithmenos.
   161 | D        | Noticed a slime creature
   162 | D        | Found a viscous altar of Jiyva.
   162 | D        | Found a blossoming altar of Fedhas.
   167 | D        | Killed a slime creature
   167 | D        | Reached skill level 9 in Unarmed Combat
   200 | D        | Found a deep blue altar of Sif Muna.
   200 | D        | Noticed a jelly
   210 | D        | Killed a jelly
   216 | D        | Found a radiant altar of Vehumet.
   237 | D        | Found Maolohen's Food Emporium.
   237 | D        | Found a white marble altar of Elyvilon.
   237 | D        | Found a stormy altar of Qazlal.
   237 | D        | Found a basalt altar of Yredelemnul.
   237 | D        | Found an iron altar of Okawaru.
   237 | D        | Found a sparkling altar of Nemelex Xobeh.
   237 | D        | Found a shimmering altar of Xom.
   237 | D        | Found an ancient bone altar of Kikubaaqudgha.
   237 | D        | Noticed a yak
   238 | D        | Found a burning altar of Makhleb.
   238 | D        | Found a sacrificial altar of Ru.
   238 | D        | Found a glowing golden altar of the Shining One.
   238 | D        | Found an opulent altar of Gozag.
   238 | D        | Found a glowing silver altar of Zin.
   244 | D        | Killed a yak
   244 | D        | Reached skill level 10 in Unarmed Combat
   244 | D        | Reached XP level 7. HP: 40/79 MP: 6/6
   245 | D        | Found a bloodstained altar of Trog.
   249 | D        | Bought a bread ration for 60 gold pieces
   249 | D        | Bought a beef jerky for 18 gold pieces
   249 | D        | Bought a slice of pizza for 18 gold pieces
   249 | D        | Bought a meat ration for 60 gold pieces
   249 | D        | Bought a meat ration for 60 gold pieces
   252 | D        | Killed a gargoyle
   319 | D        | Noticed a kobold demonologist
   323 | D        | Noticed a kobold demonologist
   324 | D        | Noticed a sixfirhy
   324 | D        | Paralysed by a giant eyeball for 3 turns
   331 | D        | HP: 2/118 [sixfirhy[a kobold demonologist] (7)]
   331 | D        | Mangled by a sixfirhy

Vault maps used:
D:        dungeon_sprint_1

Action                   |  1- 3 |  4- 6 |  7- 9 || total
-------------------------+-------+-------+-------++-------
Melee: Unarmed           |     5 |    14 |     5 ||    24
Invok: Berserk           |     2 |     2 |     1 ||     5
  Eat: Chunk             |       |     4 |       ||     4
